 Dungeon Crawl Stone Soup version 0.19.0-20-gbc5f0c6 (webtiles) character file.

54 Banto the Sneak (level 3, -3/14 HPs)
             Began as a Felid Enchanter on Nov 18, 2016.
             Slain by a gnoll
             ... wielding a cursed -2 flail
              (11 damage)
             ... on level 2 of the Dungeon.
             The game lasted 00:02:22 (1875 turns).

Banto the Sneak (Felid Enchanter)                   Turns: 1875, Time: 00:02:22

Health: -3/14      AC:  1    Str:  4    XL:     3   Next: 66%
Magic:  7/7        EV: 17    Int: 17    God:
Gold:   48         SH:  0    Dex: 13    Spells: 3 memorised, 0 levels left
                                        Lives:  0   Deaths: 0

rFire  . . .     SeeInvis +       - Unarmed
rCold  . . .     Gourm    .     (armour unavailable)
rNeg   . . .     Faith    .     (shield unavailable)
rPois  .         Spirit   .     (helmet unavailable)
rElec  .         Reflect  .     (cloak unavailable)
rCorr  .         Harm     .     (gloves unavailable)
MR     .....                    (boots unavailable)
Stlth  +++.......               (no amulet)
                                (no ring)
                                g - -3 ring of dexterity (curse)

@: quick
A: no armour, no weapons or thrown items, stealth, claws 1, fangs 3, see
invisible, carnivore 3, speed 1, shaggy fur 1, slow metabolism 1, sharp paws
a: no special abilities


You were on level 2 of the Dungeon.
You were very full.

You visited 1 branch of the dungeon, and saw 2 of its levels.

You collected 48 gold pieces.

Inventory:

Jewellery
 g - a cursed -3 ring of dexterity (left paw)
Scrolls
 c - 3 scrolls of remove curse {unknown}
 f - 2 scrolls of random uselessness {unknown}
 h - a scroll of blinking {unknown}
Potions
 e - 2 potions of curing {unknown}
Books
 a - a book of Maledictions

   Spells                             Type                      Level
   a - Corona                         Hexes                        1
   b - Ensorcelled Hibernation        Hexes/Ice                    2
   c - Confuse                        Hexes                        3
   d - Tukima's Dance                 Hexes                        3
   e - Dazzling Spray                 Conjuration/Hexes            3
Comestibles
 b - 2 meat rations
 d - a royal jelly


   Skills:
 - Level 2.6 Dodging
 + Level 5.3 Stealth
 + Level 2.6 Unarmed Combat
 - Level 2.0 Spellcasting
 - Level 4.4 Hexes


You couldn't memorise any spells.
You knew the following spells:

 Your Spells              Type           Power        Failure   Level  Hunger
a - Corona                Hex            ###....      3%          1    #......
b - Ensorcelled Hibernat  Hex/Ice        #.....       14%         2    ###....
c - Confuse               Hex            ###.....     12%         3    ###....


Dungeon Overview and Level Annotations

Branches:
Dungeon (2/15)

Altars:


Innate Abilities, Weirdness & Mutations

You cannot wear armour.
You are incapable of wielding weapons or throwing items.
Your paws allow you to move quietly. (Stealth)
You have sharp claws.
You have razor-sharp teeth.
You have supernaturally acute eyesight. (SInv)
You are carnivorous and can eat meat at any time.
You cover ground quickly.
You are covered in fur. (AC +1)
You have a slow metabolism.
Your sharp claws are effective at attacking unaware monsters.


Message History

You regained 2 hp, and now have 8/14 hp.
MP restored: 7 You start resting.
HP restored.
Health restored: 14
Okay, then.
Done exploring.
Done exploring.
(D) Dungeon
Where to? (Enter - D:2, ? - help)
There is a stone staircase leading down here.
You climb downwards.
The gnoll hits you with a flail.
There is a stone staircase leading up here.
You take 6 damage, and have 8/14 hp.
MASSIVE DAMAGE!!
You scratch the gnoll.
The gnoll is lightly wounded.
The gnoll closely misses you. The gnoll hits you with a flail!
Ouch! That really hurt!
You die...

.###.....#
..........##
...........
.?........#
...!......#
..........#
..........#
...g.gg...+
..##r.@.$#
#..>........
#.######....
# ..## .# .
##


You could see 3 gnolls and a rat.

Vanquished Creatures
  A gnoll (D:1)
  An ooze (D:1)
  A dart slug (D:1)
  A leopard gecko (D:1)
  6 bats (D:1)
  5 goblins (D:1)
  7 hobgoblins (D:1)
  2 jackals (D:1)
  3 kobolds (D:1)
  3 frilled lizards (D:1)
  6 rats (D:1)
36 creatures vanquished.

Notes
Turn   | Place    | Note
-------+----------+-------------------------------------------
     0 | D:1      | Banto the Felid Enchanter began the quest for the Orb.
     0 | D:1      | Reached XP level 1. HP: 7/7 MP: 4/4
   110 | D:1      | Reached XP level 2. HP: 7/11 MP: 3/6
   116 | D:1      | Learned a level 2 spell: Ensorcelled Hibernation
   683 | D:1      | Reached XP level 3. HP: 14/14 MP: 7/7
   707 | D:1      | Reached skill level 5 in Stealth
   891 | D:1      | Learned a level 3 spell: Confuse
  1875 | D:2      | Slain by a gnoll

Skill      XL: |  1  2  3 |
---------------+----------+-----
Unarmed Combat | 2 |  2.6
Stealth        | 5 |  5.3
Dodging        | |  2.6
Spellcasting   | |  2.0
Hexes          | |  4.4

Action                   || total
-------------------------++-------
Melee: Unarmed           ||    85
       Bite              ||     6
       Punch             ||     1
 Cast: Corona            ||     7
       Ensorcelled Hiber ||    34
 Stab: Sleeping          ||    18
       Distracted        ||     1
  Eat: Chunk             ||    11
Armor: Skin              ||     5
Dodge: Dodged            ||    73

Table legend:
 A = Turns spent in this place as a percentage of turns spent in the entire game.
 B = Non-inter-level travel turns spent in this place as a percentage of non-inter-level travel turns spent in the entire game.
 C = Inter-level travel turns spent in this place as a percentage of turns spent in this place.
 D = Turns resting spent in this place as a percentage of non-inter-level travel turns spent in this place.
 E = Turns spent auto-exploring this place as a percentage of non-inter-level travel turns spent in this place.
 F = Non-inter-level travel turns spent in this place divided by the number of levels of this place that you've seen.
                   A       B       C       D       E      F
               +-------+-------+-------+-------+-------+----------------------
         Total | 100.0 | 100.0 |   0.4 |  10.3 |   7.4 | 228.5
       Dungeon | 100.0 | 100.0 |   0.4 |  10.3 |   7.4 | 228.5
               +-------+-------+-------+-------+-------+----------------------

Table legend:
 A = Kills in this place as a percentage of kills in entire the game.
 B = Kills by you in this place as a percentage of kills by you in the entire game.
 C = Kills by friends in this place as a percentage of kills by friends in the entire game.
 D = Other kills in this place as a percentage of other kills in the entire game.
 E = Experience gained in this place as a percentage of experience gained in the entire game.
 F = Experience gained in this place divided by the number of levels of this place that you have seen.
                   A       B       C       D       E      F
               +-------+-------+-------+-------+-------+----------------------
         Total | 100.0 | 100.0 |  -nan |  -nan | 100.0 |  39.0
       Dungeon | 100.0 | 100.0 |  -nan |  -nan | 100.0 |  39.0
               +-------+-------+-------+-------+-------+----------------------
